 Dungeon Crawl Stone Soup version 0.18-a0-902-g8738618 (webtiles) character file.

207 Jmtri7 the Charlatan (level 6, -6/43 HPs)
             Began as a Formicid Artificer on Dec 24, 2015.
             Mangled by a killer bee (9 damage)
             ... on level 9 of the Dungeon.
             The game lasted 00:04:39 (568 turns).

Jmtri7 the Charlatan (Formicid Artificer)            Turns: 568, Time: 00:04:39

Health: -6/43      AC:  3    Str: 21    XL:     6   Next: 10%
Magic:  11/11      EV: 11    Int: 11    God:
Gold:   43         SH:  0    Dex: 11    Spells: 0 memorised, 5 levels left

rFire  . . .     SeeInvis +     g - +0 flail
rCold  . . .     Gourm    .     b - +0 leather armour
rNeg   . . .     Faith    .     (no shield)
rPois  .         Spirit   .     (helmet unavailable)
rElec  .         Dismiss  .     (no cloak)
rCorr  .         Reflect  .     (no gloves)
SustAt .         Harm     .     (no boots)
MR     .....                    (no amulet)
Stlth  +.........               (no ring)
                                h - +3 ring of strength

@: not resistant to hostile enchantments, very unstealthy
A: permanent stasis, dig shafts and tunnels, four strong arms, antennae 3
a: Dig, Shaft Self


You were on level 9 of the Dungeon.
You were hungry.

You visited 1 branch of the dungeon, and saw 6 of its levels.

You collected 43 gold pieces.

Inventory:

Hand Weapons
 a - a +0 short sword
 g - a +0 flail (weapon)
Armour
 b - a +0 leather armour (worn)
Jewellery
 h - a +3 ring of strength (left hand)
Wands
 c - a wand of flame (9/48)
 d - a wand of enslavement (9/24)
 e - a wand of random effects (15/48)
 j - a wand of fireball (0/15)
Scrolls
 k - a scroll of fog {unknown}
 l - a scroll of remove curse {unknown}
Comestibles
 f - a bread ration
 i - a meat ration


   Skills:
 - Level 1.1 Fighting
 - Level 1.0 Short Blades
 - Level 1.7 Dodging
 - Level 1.2 Stealth
 + Level 6.9 Evocations


You had 5 spell levels left.
You didn't know any spells.

Dungeon Overview and Level Annotations

Branches:
Dungeon (6/15)
 Temple: D:4-7

Altars:
Xom
Yredelemnul


Innate Abilities, Weirdness & Mutations

You are under a permanent stasis effect.
You can dig through walls and to a lower floor.
Your four strong arms can wield two-handed weapons with a shield.
You have a pair of large antennae on your head (SInv).


Message History

You fall through a shaft for 2 floors!
The shaft crumbles and collapses.
A wight comes into view. It is wielding an enchanted trident.
Found a copper wand.
Are you sure you want to shaft yourself?
You are feeling hungry.
You begin to dig a shaft.
You continue digging a shaft.
You sense a monster nearby. x10
A shaft appears beneath you!
You fall through a shaft!
The shaft crumbles and collapses. 2 jackals and 2 killer bees come into view.
The killer bee buzzes angrily.
The jackal barks!
The jackal barks!
You hear an angry buzzing noise.
The killer bee buzzes angrily.
You hear a bark!
Are you sure you want to shaft yourself?
You feel somewhat more hungry. The killer bee barely misses you.
You begin to dig a shaft.
You continue digging a shaft.
The killer bee stings you!
You die...

{{ # #.
.####
... #.#
#@# #y#
...
..y.#
{hh....
.....###
###.###
#h


You could see 2 killer bees and 3 jackals.

Vanquished Creatures
  An ice beast (D:6)
  A sky beast (D:6)
  An adder (D:4)
  3 orcs (D:6)
  A giant cockroach (D:6)
  2 jackals (D:6)
9 creatures vanquished.

Vanquished Creatures (collateral kills)
  A crimson imp (D:6)
1 creature vanquished.

Vanquished Creatures (others)
  An orc (D:4)
1 creature vanquished.

Grand Total: 11 creatures vanquished

Notes
Turn   | Place    | Note
--------------------------------------------------------------
     0 | D:1      | Jmtri7 the Formicid Artificer began the quest for the Orb.
     0 | D:1      | Reached XP level 1. HP: 15/15 MP: 3/3
     3 | D:1      | You fall through a shaft!
     6 | D:2      | You fall through a shaft for 2 floors!
    17 | D:4      | Reached XP level 2. HP: 19/21 MP: 4/4
    49 | D:4      | You fall through a shaft for 2 floors!
   133 | D:6      | Found a shimmering altar of Xom.
   135 | D:6      | Found a shimmering altar of Xom.
   136 | D:6      | Found a shimmering altar of Xom.
   139 | D:6      | Found a shimmering altar of Xom.
   139 | D:6      | Found a shimmering altar of Xom.
   140 | D:6      | Found a shimmering altar of Xom.
   158 | D:6      | Reached skill level 4 in Evocations
   167 | D:6      | Found a basalt altar of Yredelemnul.
   470 | D:6      | Noticed a sky beast
   492 | D:6      | Killed a sky beast
   492 | D:6      | Reached skill level 5 in Evocations
   492 | D:6      | Reached XP level 3. HP: 17/26 MP: 7/7
   492 | D:6      | Reached XP level 4. HP: 20/32 MP: 8/8
   492 | D:6      | Reached XP level 5. HP: 23/37 MP: 9/9
   516 | D:6      | Noticed an ice beast
   527 | D:6      | Reached skill level 6 in Evocations
   532 | D:6      | Reached XP level 6. HP: 18/43 MP: 9/11
   561 | D:6      | HP: 2/43 [giant frog (4)]
   562 | D:6      | You fall through a shaft for 2 floors!
   566 | D:8      | You fall through a shaft!
   568 | D:9      | Mangled by a killer bee

Vault maps used:
D:1:      dpeg_arrival_ternary
D:2:      lemuel_round_altar, lemuel_round_altar, ecumenical_altar_1,
          nicolae_ru_great_annihilating_truth, uniq_natasha, uniq_jessica
D:4:      gammafunk_temple_overflow_pools, minmay_temple_entry_large_hall,
          serial_shops, nicolae_shop_overgrown_old_shop,
          kennysheep_big_empty_room, corexii_hall_statues_u, uniq_eustachio
D:6:      basic_altar, xom_redecorated
D:8:      nicolae_overflow_crystal_walls, serial_shops, shop
D:9:      erik_lair_dragon, hangedman_little_slice_of_home

Action                   |  1- 3 |  4- 6 || total
-------------------------+-------+-------++-------
Melee: Short sword       |     2 |       ||     2
       Flail             |    34 |     5 ||    39
 Abil: Shaft Self        |     3 |     3 ||     6
Evoke: Wand              |     5 |     9 ||    14
  Use: Scroll            |     2 |       ||     2
 Stab: Distracted        |     1 |       ||     1
